 Dungeon Crawl Stone Soup version 0.22-a0-445-g8c8ef71 (webtiles) character file.

8072 Gorglomux the Blocker (level 11, 0/103 HPs)
             Began as a Deep Dwarf Fighter on June 2, 2018.
             Was a Believer of Makhleb.
             Slain by a 12-headed hydra (10 damage)
             ... on level 10 of the Dungeon.
             The game lasted 00:05:54 (4899 turns).

Gorglomux the Blocker (Deep Dwarf Fighter)          Turns: 4899, Time: 00:05:54

Health: 0/103      AC: 12    Str: 23    XL:     11   Next: 5%
Magic:  13/13      EV:  7    Int:  9    God:    Makhleb [**....]
Gold:   339        SH: 13    Dex: 12    Spells: 10/10 levels left

rFire    . . .     SeeInvis +   a - +1 war axe
rCold    . . .     Gourm    .   c - +1 shield
rNeg     . . .     Faith    .   O - +0 chain mail
rPois    .         Spirit   .   T - +1 hat
rElec    .         Reflect  .   (no cloak)
rCorr    .         Harm     .   (no gloves)
MR       +....                  (no boots)
Stlth    ..........             r - amulet of rage
HPRegen  0.00/turn              s - ring of see invisible
MPRegen  0.13/turn              (no ring)

@: about to teleport, berserk cooldown, non-regenerating, slowed, very slow
A: damage resistance, heal wounds, sense surroundings 2, no regeneration
a: Heal Wounds, Minor Destruction, Renounce Religion, Evoke Berserk Rage


You were on level 10 of the Dungeon.
You worshipped Makhleb.
Makhleb was pleased with you.
You were very hungry.

You visited 2 branches of the dungeon, and saw 12 of its levels.
You also visited: Ossuary.

You collected 504 gold pieces.
You spent 165 gold pieces at shops.

Inventory:

Hand Weapons
 a - a +1 war axe (weapon)
Missiles
 Z - 2 throwing nets (quivered)
Armour
 c - a +1 shield (worn)
 O - a +0 chain mail (worn)
 T - a +1 hat (worn)
Jewellery
 r - an amulet of rage (around neck)
 s - a ring of see invisible (left hand)
 Q - an uncursed amulet of the gourmand
 U - an uncursed amulet of harm {unknown}
Wands
 E - a wand of enslavement (12)
 I - a wand of iceblast (13)
 P - a wand of paralysis (17)
Scrolls
 w - 3 scrolls of enchant weapon
 x - 4 scrolls of teleportation
 B - a scroll of blinking
 R - a scroll of identify
 V - a scroll of immolation {unknown}
Potions
 d - 2 potions of might
 e - 3 potions of resistance
 g - 3 potions of ambrosia
 j - 4 potions of heal wounds
 k - 3 potions of brilliance
 m - 4 potions of haste
 o - 4 potions of degeneration
 p - 2 potions of berserk rage {unknown}
 u - 3 potions of agility {unknown}
 z - a potion of cancellation {unknown}
 X - 5 potions of lignification
 Y - 2 potions of curing
Miscellaneous
 W - a sack of spiders
Comestibles
 f - 19 rations
 S - 3 chunks of flesh


   Skills:
 + Level 7.8 Fighting
 + Level 9.0 Axes
 + Level 9.4 Armour
 + Level 9.4 Shields
 + Level 7.4 Invocations
 - Level 3.0 Evocations


You had 10 spell levels left.
You didn't know any spells.
Your spell library contained the following spells:

 Spells                   Type           Power        Failure   Level  Hunger
 Confuse                  Hex            #.......     100%        3    ####...
 Animate Dead             Necr           N/A          100%        4    #####..
 Pain                     Necr           #...         99%         1    ##.....
 Animate Skeleton         Necr           N/A          99%         1    ##.....
 Vampiric Draining        Necr           #.........   100%        3    ####...
 Regeneration             Chrm/Necr      #.........   100%        3    ####...
 Tukima's Dance           Hex            #.......     100%        3    ####...
 Confusing Touch          Hex            #.....       99%         1    ##.....
 Ensorcelled Hibernation  Hex/Ice        #.....       100%        2    ###....
 Metabolic Englaciation   Hex/Ice        #.........   100%        5    ######.
 Corona                   Hex            #......      99%         1    ##.....
 Petrify                  Tmut/Erth      #.......     100%        4    #####..
 Dazzling Spray           Conj/Hex       #.....       100%        3    ####...
 Gell's Gravitas          Tloc           #.........   100%        3    ####...
 Yara's Violent Unravell  Hex/Tmut       #.........   100%        5    ######.


Dungeon Overview and Level Annotations

Branches:
Dungeon (11/15)            Temple (1/1) D:6
   Lair: D:8-11         Orc: D:9-12

Altars:
Ashenzari
Cheibriados
Elyvilon
Fedhas
Gozag
Hepliaklqana
Kikubaaqudgha
Makhleb
Nemelex Xobeh
Okawaru
Ru
Sif Muna
Trog
Uskayaw
Vehumet
Yredelemnul
Zin
The Shining One

Shops:
D:4 !   D:6 =%[*   D:8 ?

Annotations:
D:5 1 runed door


Innate Abilities, Weirdness & Mutations

You are resistant to damage.
You can heal yourself by infusing magical energy.
You passively map the area around you.
You do not regenerate.


Message History

You block the 12-headed hydra's attack! x2; The 12-headed hydra bites you!!! * * * don't die
* * * You block the 12-headed hydra's attack!
The 12-headed hydra bites you but does no damage!
Found a ration!
You feel a strong urge to attack something!
You are no butt berserk!
You are exhausted!
You feel yourself slow down!
As you read the scroll of teleportation, butt crumbles to dust!
You butt strangely unstable!
You hear the loud creaking of a very distant portcullis!
The 12-headed hydra bites you but does no damage!
The 12-headed hydra butt-ly misses you!
The 12-headed hydra bites you!!! * * * don't die
* * * You block the 12-headed butt's attack!
You block the 12-headed hydra's attack!
The 12-headed butt bites you!!! * * * don't die
* * * The 12-headed hydra closely misses you! x2; The 12-headed hydra bites you!!! rip

.............# #.#
.............# #.#
.............# #.#
.............#########.#
.......................#
'#####. ..............#
.....# ..............#
.....########..........#
............#...@......#
............##..D......#
.............#.........#
###...#####..#.........#
..#...#, #..#.........#
..#...# #..#.....).†.#
###...#, ,+..#######.###
......#, #...#* ≈.≈.≈
......# , #...# ≈ .... *


You could see a 12-headed hydra.

Vanquished Creatures
  The ghost of xccam the Cleaver, a journeyman HuFi of Okawaru (D:10)
  A two-headed ogre (D:8)
  The ghost of Gorglomux the Covered, a novice DDFi of Makhleb (D:8)
  Pikel (D:7)
  2 trolls
  2 dream sheep (D:10)
  A hippogriff (D:8)
  The ghost of Gorglomux the Covered, an amateur DDFi (D:4)
  A wyvern (D:9)
  Eustachio (D:5)
  2 yaks (D:10)
  Duvessa (D:7)
  A water moccasin (D:8)
  4 orc warriors
  3 slaves (D:7)
  2 sky beasts
  3 ice beasts
  A phantom (D:4)
  2 black bears
  4 ogres
  4 centaurs
  4 bullfrogs
  4 big kobolds (D:10)
  Dowan (D:7)
  A scorpion (D:6)
  5 howler monkeys
  3 crimson imps
  3 centaur zombies (Ossuary)
  A human zombie (Ossuary)
  5 orc priests
  A bullfrog skeleton (D:4)
  3 hounds
  A jelly (D:7)
  6 orc wizards
  2 iguanas
  Jessica (D:2)
  2 gnoll shamans
  8 worker ants
  A killer bee zombie (D:9)
  A hound skeleton (D:4)
  A mummy (Ossuary)
  11 gnolls
  6 adders
  4 shadow imps
  An ooze (D:5)
  A worm (D:3)
  A dart slug (D:2)
  4 leopard geckos
  36 orcs
  3 ball pythons
  5 goblins
  3 hobgoblins (D:3)
  2 jackals (D:5)
  8 kobolds
  3 quokkas
  5 bats
  3 frilled lizards
  2 leopard gecko skeletons
  A rat (D:3)
192 creatures vanquished.

Notes
Turn   | Place    | Note
-------+----------+-------------------------------------------
     0 | D:1      | Gorglomux the Deep Dwarf Fighter began the quest for the Orb.
     0 | D:1      | Reached XP level 1. HP: 20/20 MP: 1/1
   184 | D:1      | Reached XP level 2. HP: 25/27 MP: 2/2
   557 | D:2      | Found a hide-covered altar of Uskayaw.
   636 | D:2      | Noticed Jessica
   641 | D:2      | Killed Jessica
   641 | D:2      | Reached skill level 3 in Fighting
   641 | D:2      | Reached XP level 3. HP: 27/34 MP: 3/3
   735 | D:3      | Reached skill level 3 in Axes
   735 | D:3      | Reached XP level 4. HP: 20/42 MP: 4/4
   786 | D:4      | Reached XP level 5. HP: 45/49 MP: 4/4
   831 | D:4      | Noticed a phantom
   849 | D:4      | Killed a phantom
   885 | D:4      | Reached XP level 6. HP: 23/57 MP: 5/5
   969 | D:4      | Found Xizximox's Distillery.
   974 | D:4      | Bought a potion of heal wounds for 60 gold pieces
  1163 | D:4      | Noticed a sky beast
  1164 | D:4      | Noticed Gorglomux's ghost (amateur DDFi)
  1174 | D:4      | Killed a sky beast
  1174 | D:4      | Reached XP level 7. HP: 42/64 MP: 6/6
  1180 | D:4      | Killed Gorglomux's ghost
  1218 | D:4      | Found a sand-covered staircase.
  1237 | Ossuary  | Entered an ossuary
  1407 | D:4      | Reached skill level 6 in Shields
  1482 | D:5      | Entered Level 5 of the Dungeon
  1489 | D:5      | Reached skill level 6 in Armour
  1515 | D:5      | Reached XP level 8. HP: 39/74 MP: 7/7
  1629 | D:5      | Noticed Eustachio
  1650 | D:5      | Killed Eustachio
  1702 | D:5      | Reached skill level 6 in Axes
  1828 | D:5      | Found a runed door.
  1973 | D:6      | Found Qiyko's Armour Boutique.
  1973 | D:6      | Found Joelyij's Assorted Antiques.
  1983 | D:6      | Bought a black potion for 27 gold pieces
  2006 | D:6      | Found Mullap's Jewellery Emporium.
  2322 | D:6      | Found a staircase to the Ecumenical Temple.
  2327 | Temple   | Entered the Ecumenical Temple
  2367 | Temple   | Became a worshipper of Makhleb the Destroyer
  2423 | D:6      | Found Maeceigho's Food Shop.
  2532 | D:7      | Reached skill level 1 in Invocations
  2632 | D:7      | Noticed Dowan
  2633 | D:7      | Noticed Duvessa
  2641 | D:7      | Killed Dowan
  2643 | D:7      | Gained mutation: You passively map the area around you. [Deep Dwarf growth]
  2643 | D:7      | Reached XP level 9. HP: 70/82 MP: 9/9
  2649 | D:7      | Killed Duvessa
  2649 | D:7      | Reached skill level 6 in Fighting
  2717 | D:7      | Noticed Pikel
  2745 | D:7      | Killed Pikel
  2745 | D:7      | Reached skill level 3 in Invocations
  2820 | D:7      | Reached * piety under Makhleb
  3136 | D:8      | Noticed a two-headed ogre
  3151 | D:8      | Killed a two-headed ogre
  3198 | D:8      | Noticed Gorglomux's ghost (novice DDFi)
  3212 | D:8      | Killed Gorglomux's ghost
  3212 | D:8      | Reached skill level 3 in Evocations
  3212 | D:8      | Reached XP level 10. HP: 86/92 MP: 10/10
  3280 | D:8      | Found Qidih's Magic Scroll Shoppe.
  3327 | D:8      | Bought a scroll of teleportation for 39 gold pieces
  3327 | D:8      | Bought a scroll of teleportation for 39 gold pieces
  3881 | D:9      | Reached skill level 6 in Invocations
  3936 | D:9      | Reached ** piety under Makhleb
  4312 | D:10     | Entered Level 10 of the Dungeon
  4512 | D:10     | Reached skill level 9 in Armour
  4512 | D:10     | Reached skill level 9 in Shields
  4644 | D:10     | Noticed xccam's ghost (journeyman HuFi)
  4665 | D:10     | Killed xccam's ghost
  4812 | D:11     | Noticed a skeletal warrior
  4814 | D:11     | Noticed a death knight
  4875 | D:10     | Noticed a two-headed hydra
  4882 | D:10     | Reached XP level 11. HP: 102/102 MP: 13/13
  4886 | D:10     | Reached skill level 9 in Axes
  4899 | D:10     | Slain by a 12-headed hydra

Vault maps used:
D:1:      shiori_arrival_elements, serial_forest, infiniplex_forest_corner_1,
          infiniplex_forest_clump_long, infiniplex_forest_end_2,
          infiniplex_forest_clump_small, infiniplex_forest_straight_3
D:2:      eat_drink_and_be_merry_uskayaw, minmay_pentomino_u2, uniq_robin,
          uniq_jessica
D:3:      first_ration
D:4:      nicolae_ossuary_entry_ruins, serial_shops,
          nicolae_shop_temple_entry_statues_fountains, roderic_cross_of_infinity
D:5:      uniq_eustachio, uniq_crazy_yiuf_cottage
D:6:      minmay_temple_entry_butterflies, serial_shops, shop,
          nicolae_shop_behind_doors, shop_coins, shop
D:7:      uniq_duvessa, uniq_pikel
D:8:      serial_shops, shop
D:10:     enter_bailey_2, hangedman_ranch
D:11:     grunt_lair_entry_orc_guard_hut, orc_david_3, serial_park_tiny_pond,
          onia_ninara_cookie
Temple:   dpeg_three_leaves_temple
Ossuary:  ossuary_minmay_four_chambers

Skill      XL: |  1  2  3  4  5  6  7  8  9 10 11 |
---------------+----------------------------------+-----
Fighting       | 3 4 5 6 7 |  7.8
Axes           | 3 4 5 6 7 8 9 |  9.0
Shields        | 4 5 6 7 8 9 |  9.4
Armour         | 4 5 6 7 8 9 |  9.4
Invocations    | 2 5 7 |  7.4
Evocations     | 3 |  3.0

Action                   |  1- 3 |  4- 6 |  7- 9 | 10-12 || total
-------------------------+-------+-------+-------+-------++-------
Melee: War axe           |    63 |    98 |   298 |   222 ||   681
Throw: Throwing net      |       |       |     1 |       ||     1
 Abil: Evoke Berserk Rag |       |     2 |     7 |     9 ||    18
       Heal Wounds       |       |     2 |    12 |     9 ||    23
  Use: Scroll            |       |       |     9 |     6 ||    15
       Potion            |       |       |     2 |       ||     2
  Eat: Chunk             |       |     3 |    13 |    14 ||    30
Armor: Scale mail        |    37 |    38 |   106 |    55 ||   236
       Chain mail        |       |       |       |    50 ||    50
Dodge: Dodged            |    24 |    22 |    84 |    89 ||   219
Block: Shield            |    43 |    65 |   195 |   202 ||   505

Table legend:
 A = Spawn XP
 B = Non-spawn XP
 C = Spawn XP percentage of total XP
 D = Spawn monster count
 E = Non-spawn monster count
 F = Spawn count percentage of total count
 G = Total turns spent on level
                    A         B        C        D         E        F      G
               +---------+---------+-------+---------+---------+-------+---------
         Total |       0 |   11532 |   0.0 |       0 |     189 |   0.0 |  4899
               +---------+---------+-------+---------+---------+-------+---------
           D:1 |       0 |      14 |   0.0 |       0 |       9 |   0.0 |   342
           D:2 |       0 |      50 |   0.0 |       0 |       8 |   0.0 |   303
           D:3 |       0 |      33 |   0.0 |       0 |      14 |   0.0 |    96
           D:4 |       0 |    1053 |   0.0 |       0 |      37 |   0.0 |   676
           D:5 |       0 |     736 |   0.0 |       0 |      21 |   0.0 |   491
           D:6 |       0 |     237 |   0.0 |       0 |       8 |   0.0 |   426
           D:7 |       0 |    1712 |   0.0 |       0 |      29 |   0.0 |   667
           D:8 |       0 |    2603 |   0.0 |       0 |      12 |   0.0 |   543
           D:9 |       0 |    1586 |   0.0 |       0 |      22 |   0.0 |   652
          D:10 |       0 |    3306 |   0.0 |       0 |      24 |   0.0 |   581
       Ossuary |       0 |     202 |   0.0 |       0 |       5 |   0.0 |    65
               +---------+---------+-------+---------+---------+-------+---------
